 Dungeon Crawl Stone Soup version 0.21.1-1-g345015f (webtiles) character file.

10572 microfolk the Thaumaturge (level 11, 0/86 HPs)
             Began as a Gnoll Skald on Feb 20, 2018.
             Was an Elder of Okawaru.
             Slain by a white ugly thing (2 damage)
             ... on level 9 of the Dungeon.
             The game lasted 00:38:40 (12861 turns).

microfolk the Thaumaturge (Gnoll Skald)            Turns: 12861, Time: 00:38:41

Health: 0/86       AC: 14    Str: 13    XL:     11   Next: 64%
Magic:  25/25      EV: 13    Int: 16    God:    Okawaru [****..]
Gold:   671        SH: 10    Dex: 15    Spells: 17/26 levels left

rFire    . . .     SeeInvis +   r - +9 falchion "Roll" {venom, +Inv rElec Int-3 SInv}
rCold    . . .     Gourm    .   A - +0 shield
rNeg     + . .     Faith    +   o - +1 ring mail
rPois    .         Spirit   .   U - +2 hat
rElec    +         Reflect  .   J - +0 cloak
rCorr    .         Harm     .   K - +1 pair of gloves
MR       .....                  M - +0 pair of boots
Stlth    ++++......             f - amulet of faith
HPRegen  0.24/turn              k - ring of stealth
MPRegen  0.19/turn              x - ring of positive energy

@: about to teleport
A: distributed training, claws 1, fangs 1, horns 1, see invisible, high mp 1,
strong nose
a: Heroism, Renounce Religion, Evoke Invisibility


You were on level 9 of the Dungeon.
You worshipped Okawaru.
Okawaru was greatly pleased with you.
You were hungry.

You visited 2 branches of the dungeon, and saw 11 of its levels.
You also visited: Sewer and Ossuary.

You collected 671 gold pieces.

Inventory:

Hand Weapons
 r - the +9 falchion "Roll" (weapon) {venom, +Inv rElec Int-3 SInv}
   (You found it on level 4 of the Dungeon)

   It poisons the flesh of those it strikes.
   It affects your intelligence (-3).
   It insulates you from electricity.
   It lets you see invisible.
   It lets you turn invisible.
 y - a +0 trident
 C - a +0 lajatang
 D - a +0 halberd of flaming
Missiles
 e - 285 stones (quivered)
 i - 80 sling bullets
Armour
 o - a +1 ring mail (worn)
 A - a +0 shield (worn)
 J - a +0 cloak (worn)
 K - a +1 pair of gloves (worn)
 L - a +0 plate armour
 M - a +0 pair of boots (worn)
 U - a +2 hat (worn)
Jewellery
 f - an amulet of faith (around neck)
 k - a ring of stealth (left hand)
 w - an uncursed amulet of guardian spirit
 x - a ring of positive energy (right hand)
Wands
 n - a wand of digging (16)
 s - a wand of clouds (5)
 T - a wand of flame (26)
Scrolls
 j - 4 scrolls of teleportation
 m - a scroll of summoning {unknown}
 p - a scroll of amnesia {unknown}
 q - 10 scrolls of identify
 t - 2 scrolls of enchant weapon
 v - 2 scrolls of magic mapping
 B - 2 scrolls of blinking
 E - 2 scrolls of enchant armour
 F - a scroll of immolation {unknown}
 G - a scroll of fear {unknown}
 H - a scroll of torment {unknown}
 I - 4 scrolls of noise
 O - a scroll of fog {unknown}
 S - a scroll of remove curse
Potions
 a - 4 potions of heal wounds
 h - 2 potions of flight
 l - 3 potions of cancellation
 u - 4 potions of lignification
 z - a potion of agility
 N - a potion of berserk rage
 P - a potion of degeneration
 Q - a potion of invisibility
 V - a potion of curing {unknown}
Books
 c - a book of Battle

   Spells                             Type                      Level
   a - Infusion                       Charms                       1
   b - Shroud of Golubria             Charms/Translocation         2
   c - Song of Slaying                Charms                       2
   d - Spectral Weapon                Hexes/Charms                 3
   e - Regeneration                   Charms/Necromancy            3
Miscellaneous
 b - a sack of spiders
 R - a crystal ball of energy
 W - a phantom mirror
Comestibles
 d - 14 rations


   Skills:
 + Level 7.9 Fighting
 + Level 6.3 Short Blades
 + Level 6.3 Long Blades
 + Level 6.3 Axes
 + Level 6.3 Maces & Flails
 + Level 7.9 Polearms
 + Level 6.3 Staves
 + Level 6.3 Slings
 + Level 6.3 Bows
 + Level 6.3 Crossbows
 + Level 6.3 Throwing
 + Level 6.9 Armour
 + Level 7.9 Dodging
 + Level 6.3 Stealth
 + Level 6.3 Shields
 + Level 6.3 Unarmed Combat
 + Level 8.2 Spellcasting
 + Level 5.3 Conjurations
 + Level 5.3 Hexes
 + Level 7.7 Charms
 + Level 5.3 Summonings
 + Level 5.3 Necromancy
 + Level 5.3 Translocations
 + Level 5.3 Transmutations
 + Level 5.3 Fire Magic
 + Level 5.3 Ice Magic
 + Level 5.3 Air Magic
 + Level 5.3 Earth Magic
 + Level 5.3 Poison Magic
 + Level 7.0 Invocations
 + Level 6.3 Evocations


You had 17 spell levels left.
You knew the following spells:

 Your Spells              Type           Power        Failure   Level  Hunger
a - Spectral Weapon       Hex/Chrm       ####....     13%         3    #......
b - Regeneration          Chrm/Necr      ####......   13%         3    #......
c - Song of Slaying       Chrm           ####....     4%          2    None
d - Infusion              Chrm           ####         2%          1    None


Dungeon Overview and Level Annotations

Branches:
Dungeon (10/15)            Temple (1/1) D:6            Lair (0/6) D:9
    Orc: D:9-12

Altars:
Ashenzari
Cheibriados
Dithmenos
Elyvilon
Fedhas
Gozag
Hepliaklqana
Kikubaaqudgha
Makhleb
Nemelex Xobeh
Okawaru
Qazlal
Ru
Sif Muna
Trog
Uskayaw
Vehumet
Wu Jian
Xom
Yredelemnul
Zin
The Shining One
Beogh
Lugonu

Shops:
D:5 !   D:7 *

Annotations:
D:3 exclusion: downstairs, Vesto's ghost, amateur DrCj
D:6 exclusion: downstairs


Innate Abilities, Weirdness & Mutations

Your experience applies equally to all skills.
You have very sharp teeth.
Your uncanny sense of smell can sniff out nearby items.
You have sharp fingernails.
You have a pair of small horns on your head.
You have supernaturally acute eyesight. (SInv)
You have an increased reservoir of magic. (+10% MP)


Message History

The tengu warrior throws a throwing net.
The throwing net hits you.
You become entangled in the net!
Things that are here:
a throwing net; a sky beast corpse You struggle against the net.
You struggle against the net.
The white ugly thing stings you! The white ugly thing freezes you!!
You shred the net and break free! The white ugly thing stings you!
The white ugly thing freezes you!!
* * * LOW HITPOINT WARNING * * *
All of the chunks of flesh in your inventory have rotted away.
There is a stone staircase leading down here.
As you read the scroll of teleportation, it crumbles to dust.
You feel strangely unstable.
The tengu warrior hits you with an enchanted great sword!
* * * LOW HITPOINT WARNING * * *
You block the tengu warrior's attack.
The tengu warrior claws you but does no damage.
The white ugly thing stings you.
You die...

.................,,,,*,****
...#....#.........*,,,,*
%...(.u.#.........*,,***
##......#.........*,,*
##......#........,*,,#
........#........,*,.#
...######....######..#
...............u.....#
..............FQ@....#
###################### #######
##### ###### #######..##.#
#.#)## #....# .....###.#..#
##.#.####.#.#
##........#####...##..#...####


You could see a white ugly thing, a tengu warrior and a bullfrog.

Vanquished Creatures
  The ghost of Solrac the Grappler, a novice TrMo of Trog (D:7)
  Pikel (D:4)
  The ghost of Autsider the Skirmisher, a novice FoAK of Lugonu (D:4)
  A cyclops (D:10)
  Joseph (D:8)
  2 trolls
  Prince Ribbit (D:9)
  4 hippogriffs
  7 yaks (D:10)
  3 wyverns (D:9)
  4 steam dragons
  Grum (D:8)
  4 orc warriors
  Purgy (Sewer)
  3 black bears
  An eye of draining (D:9)
  An ice beast (D:6)
  2 sky beasts
  A phantom (D:6)
  4 slaves
  8 ogres
  2 centaurs
  3 wolves (D:8)
  3 crocodiles (D:9)
  An elf zombie (D:4)
  A big kobold (D:7)
  3 bullfrogs
  A scorpion (D:5)
  A wyvern skeleton (D:9)
  6 killer bees (D:10)
  2 howler monkeys
  2 bullfrog zombies
  6 crimson imps
  2 quasits (D:9)
  6 hounds
  9 orc priests
  A jelly (D:7)
  A bullfrog skeleton (D:6)
  7 orc wizards
  3 human skeletons (D:4)
  A human zombie (D:4)
  Crazy Yiuf (D:6)
  2 iguanas
  Ijyb (D:2)
  4 worker ants
  A hound zombie (D:6)
  2 hound skeletons
  3 mummies (Ossuary)
  3 gnolls
  A howler monkey skeleton (D:7)
  9 adders
  A shadow imp (D:9)
  An ooze (D:2)
  2 adder skeletons (D:9)
  6 adder zombies
  4 worms (D:3)
  12 leopard geckos
  57 orcs
  6 giant cockroaches
  15 goblins
  9 hobgoblins
  11 jackals
  3 quokkas
  A ball python skeleton (D:6)
  12 bats
  8 frilled lizards
  A gnoll zombie (Ossuary)
  3 goblin zombies (Ossuary)
  A hobgoblin zombie (Ossuary)
  13 kobolds
  3 kobold zombies (Ossuary)
  An orc skeleton (D:4)
  3 quokka zombies (Ossuary)
  11 rats
  2 rat zombies (Ossuary)
326 creatures vanquished.

Vanquished Creatures (others)
  A troll (D:9)
  A centaur (D:9)
  A bullfrog skeleton (D:9)
  An orc wizard (D:9)
  5 plants (D:9)
  2 spectral weapons
11 creatures vanquished.

Grand Total: 337 creatures vanquished

Notes
Turn   | Place    | Note
-------+----------+-------------------------------------------
     0 | D:1      | microfolk the Gnoll Skald began the quest for the Orb.
     0 | D:1      | Reached XP level 1. HP: 20/20 MP: 6/6
    85 | D:1      | Reached XP level 2. HP: 19/26 MP: 7/7
    98 | D:1      | Learned a level 2 spell: Song of Slaying
   760 | D:1      | Reached XP level 3. HP: 29/31 MP: 9/9
   765 | D:1      | Learned a level 3 spell: Regeneration
   769 | D:1      | Learned a level 3 spell: Spectral Weapon
   898 | D:1      | Reached skill level 5 in Spellcasting
  1212 | D:2      | Reached skill level 1 in Invocations
  1378 | D:2      | Found an ornate altar of the Wu Jian Council.
  1450 | D:2      | Reached skill level 1 in Short Blades
  1450 | D:2      | Reached skill level 1 in Long Blades
  1450 | D:2      | Reached skill level 1 in Axes
  1450 | D:2      | Reached skill level 1 in Maces & Flails
  1450 | D:2      | Reached skill level 1 in Staves
  1450 | D:2      | Reached skill level 1 in Slings
  1450 | D:2      | Reached skill level 1 in Bows
  1450 | D:2      | Reached skill level 1 in Crossbows
  1450 | D:2      | Reached skill level 1 in Throwing
  1450 | D:2      | Reached skill level 1 in Stealth
  1450 | D:2      | Reached skill level 1 in Shields
  1450 | D:2      | Reached skill level 1 in Unarmed Combat
  1450 | D:2      | Reached skill level 1 in Evocations
  1488 | D:2      | Reached XP level 4. HP: 38/38 MP: 11/11
  1489 | D:2      | Noticed Ijyb
  1521 | D:2      | Killed Ijyb
  1647 | D:2      | Found a sacrificial altar of Ru.
  1647 | D:2      | Found a snail-covered altar of Cheibriados.
  1665 | D:2      | Reached skill level 1 in Conjurations
  1665 | D:2      | Reached skill level 1 in Hexes
  1665 | D:2      | Reached skill level 1 in Summonings
  1665 | D:2      | Reached skill level 1 in Necromancy
  1665 | D:2      | Reached skill level 1 in Translocations
  1665 | D:2      | Reached skill level 1 in Transmutations
  1665 | D:2      | Reached skill level 1 in Fire Magic
  1665 | D:2      | Reached skill level 1 in Ice Magic
  1665 | D:2      | Reached skill level 1 in Air Magic
  1665 | D:2      | Reached skill level 1 in Earth Magic
  1665 | D:2      | Reached skill level 1 in Poison Magic
  1673 | D:2      | Found a shattered altar of Ashenzari.
  2207 | D:3      | Noticed Vesto's ghost (amateur DrCj)
  2229 | D:3      | Reached XP level 5. HP: 43/43 MP: 12/12
  2549 | D:3      | Noticed a moth of wrath
  2567 | D:3      | Found a bloodstained altar of Trog.
  3323 | D:4      | Got a shimmering falchion
  3422 | D:4      | Reached XP level 6. HP: 44/50 MP: 11/13
  3428 | D:4      | Found a sand-covered staircase.
  3454 | D:4      | Reached skill level 5 in Fighting
  3454 | D:4      | Reached skill level 5 in Polearms
  3454 | D:4      | Reached skill level 5 in Dodging
  3457 | Ossuary  | Entered an ossuary
  3861 | Ossuary  | Gained mutation: You are weak. (Str -2) [potion of mutation]
  3861 | Ossuary  | Gained mutation: You expend magic power (3 MP) to strengthen your wands. [potion of mutation]
  3861 | Ossuary  | Gained mutation: You are somewhat resistant to further mutation. [potion of mutation]
  3932 | D:4      | Reached XP level 7. HP: 36/56 MP: 11/15
  3982 | D:4      | Found a burning altar of Makhleb.
  3983 | D:4      | Noticed Autsider's ghost (novice FoAK)
  4092 | D:4      | Found an ancient bone altar of Kikubaaqudgha.
  4111 | D:4      | Noticed Pikel
  4702 | D:5      | Entered Level 5 of the Dungeon
  4702 | D:5      | Found a shimmering altar of Xom.
  4747 | D:5      | Found a hide-covered altar of Uskayaw.
  4758 | D:5      | Found Panoe's Distillery.
  4780 | D:5      | Found a stormy altar of Qazlal.
  4814 | D:5      | Found a basalt altar of Yredelemnul.
  4887 | D:5      | Found a blossoming altar of Fedhas.
  5544 | D:6      | Found a staircase to the Ecumenical Temple.
  5554 | Temple   | Entered the Ecumenical Temple
  5572 | Temple   | Became a worshipper of Warmaster Okawaru
  5655 | D:5      | Reached XP level 8. HP: 56/63 MP: 7/16
  5733 | D:6      | Found a glowing drain.
  5777 | Sewer    | Entered a sewer
  5872 | Sewer    | Lost mutation: You are somewhat resistant to further mutation. [potion of mutation]
  5872 | Sewer    | Lost mutation: You expend magic power (3 MP) to strengthen your wands. [potion of mutation]
  5872 | Sewer    | Lost mutation: You are weak. (Str -2) [potion of mutation]
  5872 | Sewer    | Gained mutation: You have an increased reservoir of magic. (+10% MP) [potion of mutation]
  5872 | Sewer    | Gained mutation: You have supernaturally acute eyesight. (SInv) [potion of mutation]
  5872 | Sewer    | Gained mutation: You have sharp fingernails. [potion of mutation]
  5872 | Sewer    | Gained mutation: You have a pair of small horns on your head. [potion of mutation]
  5904 | Sewer    | Noticed Purgy
  5908 | Sewer    | Killed Purgy
  5908 | Sewer    | Reached * piety under Okawaru
  6007 | D:5      | Reached skill level 6 in Spellcasting
  6427 | D:6      | Found an iron altar of Okawaru.
  6438 | D:6      | Identified the +9 falchion "Roll" {venom, +Inv rElec Int-3 SInv} (You found it on level 4 of the Dungeon)
  6577 | D:6      | Found a runed door.
  6581 | D:6      | Noticed Crazy Yiuf
  6586 | D:6      | Killed Crazy Yiuf
  6819 | D:7      | Reached XP level 9. HP: 50/69 MP: 14/20
  6874 | D:7      | Reached ** piety under Okawaru
  7213 | D:7      | Found Geycunol's General Store.
  7263 | D:7      | Noticed Solrac's ghost (novice TrMo)
  7523 | D:7      | Found a glowing silver altar of Zin.
  7621 | D:7      | Noticed a troll
  7623 | D:7      | Reached skill level 5 in Armour
  8066 | D:8      | Noticed Joseph
  8080 | D:8      | Killed Joseph
  8080 | D:8      | Reached *** piety under Okawaru
  8327 | D:8      | Reached skill level 5 in Invocations
  8379 | D:8      | Noticed Grum
  8395 | D:8      | Killed Grum
  8400 | D:8      | Reached XP level 10. HP: 76/77 MP: 22/22
  8403 | D:8      | Reached skill level 7 in Spellcasting
  8834 | D:8      | Found a roughly hewn altar of Beogh.
  9057 | D:9      | Noticed a centaur warrior
  9068 | D:9      | Noticed a six-headed hydra
  9253 | D:4      | Killed Pikel
  9253 | D:4      | Reached skill level 5 in Short Blades
  9253 | D:4      | Reached skill level 5 in Long Blades
  9253 | D:4      | Reached skill level 5 in Axes
  9253 | D:4      | Reached skill level 5 in Maces & Flails
  9253 | D:4      | Reached skill level 5 in Staves
  9253 | D:4      | Reached skill level 5 in Slings
  9253 | D:4      | Reached skill level 5 in Bows
  9253 | D:4      | Reached skill level 5 in Crossbows
  9253 | D:4      | Reached skill level 5 in Throwing
  9253 | D:4      | Reached skill level 5 in Stealth
  9253 | D:4      | Reached skill level 5 in Shields
  9253 | D:4      | Reached skill level 5 in Unarmed Combat
  9253 | D:4      | Reached skill level 5 in Evocations
  9336 | D:4      | Found a burning altar of Makhleb.
  9381 | D:4      | Found an ancient bone altar of Kikubaaqudgha.
  9579 | D:4      | Found a hazy altar of Hepliaklqana.
  9646 | D:4      | Killed Autsider's ghost
  9814 | D:7      | Killed Solrac's ghost
 10337 | D:9      | Found a shimmering altar of Xom.
 10408 | D:9      | Reached **** piety under Okawaru
 10416 | D:9      | Noticed a manticore
 10775 | D:9      | Noticed Prince Ribbit
 10788 | D:9      | Killed Prince Ribbit
 10793 | D:9      | Reached XP level 11. HP: 53/84 MP: 21/24
 11013 | D:9      | Received a gift from Okawaru
 11069 | D:9      | Found a staircase to the Lair.
 11389 | D:10     | Entered Level 10 of the Dungeon
 11700 | D:10     | Reached skill level 5 in Conjurations
 11700 | D:10     | Reached skill level 5 in Hexes
 11700 | D:10     | Reached skill level 5 in Summonings
 11700 | D:10     | Reached skill level 5 in Necromancy
 11700 | D:10     | Reached skill level 5 in Translocations
 11700 | D:10     | Reached skill level 5 in Transmutations
 11700 | D:10     | Reached skill level 5 in Fire Magic
 11700 | D:10     | Reached skill level 5 in Ice Magic
 11700 | D:10     | Reached skill level 5 in Air Magic
 11700 | D:10     | Reached skill level 5 in Earth Magic
 11700 | D:10     | Reached skill level 5 in Poison Magic
 11758 | D:10     | Reached skill level 8 in Spellcasting
 11879 | D:10     | Reached ***** piety under Okawaru
 11958 | D:10     | Received a gift from Okawaru
 12054 | D:10     | Noticed a cyclops
 12081 | D:10     | Killed a cyclops
 12838 | D:9      | Noticed a white ugly thing
 12847 | D:9      | Noticed a tengu warrior
 12861 | D:9      | HP: 2/86 [tengu warrior/enchanted great sword (10)]
 12861 | D:9      | Slain by a white ugly thing

Skill      XL: |  1  2  3  4  5  6  7  8  9 10 11 |
---------------+----------------------------------+-----
Spellcasting   | 5 6 7 8 |  8.2
Invocations    | 1 2 3 4 5 6 7 |  7.0
Short Blades   | 1 2 3 4 5 6 |  6.3
Long Blades    | 1 2 3 4 5 6 |  6.3
Axes           | 1 2 3 4 5 6 |  6.3
Maces & Flails | 1 2 3 4 5 6 |  6.3
Staves         | 1 2 3 4 5 6 |  6.3
Slings         | 1 2 3 4 5 6 |  6.3
Bows           | 1 2 3 4 5 6 |  6.3
Crossbows      | 1 2 3 4 5 6 |  6.3
Throwing       | 1 2 3 4 5 6 |  6.3
Stealth        | 1 2 3 4 5 6 |  6.3
Shields        | 1 2 3 4 5 6 |  6.3
Unarmed Combat | 1 2 3 4 5 6 |  6.3
Evocations     | 1 2 3 4 5 6 |  6.3
Conjurations   | 1 2 3 4 5 |  5.3
Hexes          | 1 2 3 4 5 |  5.3
Summonings     | 1 2 3 4 5 |  5.3
Necromancy     | 1 2 3 4 5 |  5.3
Translocations | 1 2 3 4 5 |  5.3
Transmutations | 1 2 3 4 5 |  5.3
Fire Magic     | 1 2 3 4 5 |  5.3
Ice Magic      | 1 2 3 4 5 |  5.3
Air Magic      | 1 2 3 4 5 |  5.3
Earth Magic    | 1 2 3 4 5 |  5.3
Poison Magic   | 1 2 3 4 5 |  5.3
Armour         | 3 4 5 6 |  6.9
Fighting       | 5 6 7 |  7.9
Polearms       | 5 6 7 |  7.9
Dodging        | 5 6 7 |  7.9
Charms         | 6 7 |  7.7

Action                   |  1- 3 |  4- 6 |  7- 9 | 10-12 || total
-------------------------+-------+-------+-------+-------++-------
Melee: Spear             |   141 |    74 |       |       ||   215
       Bite              |    11 |    39 |    37 |    57 ||   144
       Punch             |     1 |     4 |     3 |       ||     8
       Trident           |       |   284 |   205 |       ||   489
       Falchion          |       |       |   113 |   339 ||   452
       Headbutt          |       |       |    36 |    64 ||   100
 Cast: Song of Slaying   |     1 |       |       |     2 ||     3
       Spectral Weapon   |       |     7 |    13 |     6 ||    26
       Regeneration      |       |     1 |     6 |     5 ||    12
Invok: Heroism           |       |       |     2 |    16 ||    18
  Use: Scroll            |     4 |     8 |     2 |     7 ||    21
       Potion            |       |     2 |     2 |       ||     4
 Stab: Sleeping          |     2 |     4 |    12 |    10 ||    28
       Distracted        |       |     2 |     1 |     2 ||     5
  Eat: Chunk             |     2 |     7 |    11 |    11 ||    31
       Ration            |       |     1 |     1 |     1 ||     3
Armor: Leather armour    |    11 |       |       |       ||    11
       Ring mail         |     6 |    78 |    83 |    66 ||   233
       Scale mail        |     6 |       |       |       ||     6
Dodge: Dodged            |    58 |   170 |   235 |   163 ||   626
Block: Shield            |       |    11 |    67 |   157 ||   235
       Rpst.: Falchion   |       |       |    11 |    52 ||    63
